 Dungeon Crawl Stone Soup version 0.29-a0-422-gafbd6decc1 (webtiles) character file.

Game seed: 11782042452604748845

18 xian the Conjurer (level 2, -2/15 HPs)
             Began as a Kobold Conjurer on May 18, 2022.
             Killed from afar by Natasha (9 damage)
             ... with a magic dart
             ... on level 2 of the Dungeon.
             The game lasted 00:02:07 (1443 turns).

xian the Conjurer (Kobold Conjurer)                 Turns: 1443, Time: 00:02:09

Health: -2/15      AC:  3    Str:  4    XL:     2   Next: 85%
Magic:  0/5        EV: 14    Int: 19    God:
Gold:   45         SH:  0    Dex: 13    Spells: 2/5 levels left

rFire   . . .      SeeInvis .   j - staff of air
rCold   . . .      Faith    .   (shield currently unavailable)
rNeg    . . .      Spirit   .   a - +0 robe
rPois   .          Reflect  .   (no helmet)
rElec   +          Harm     .   e - +0 cloak
rCorr   .          Rampage  .   (no gloves)
Will    .....                   (no boots)
Stlth   +++.......              (no amulet)
HPRegen 0.05/turn               (no ring)
MPRegen 0.09/turn               (no ring)

@: very slightly contaminated, slowed, very slow
A: small, no large weapons, nightstalker 3
a: no special abilities


You were on level 2 of the Dungeon.
You visited 1 branch of the dungeon, and saw 2 of its levels.

You collected 45 gold pieces.

Inventory:

Armour
 a - a +0 robe (worn)
 e - a +0 cloak (worn)
Magical Staves
 j - a staff of air (weapon)
Scrolls
 c - 2 scrolls of blinking {unknown}
 d - a scroll of teleportation {unknown}
 i - a scroll of summoning {unknown}
Potions
 b - a potion of magic
 f - a potion of berserk rage {unknown}
 g - a potion of brilliance {unknown}
 h - a potion of resistance {unknown}
 k - a potion of mutation {unknown}
 l - a potion of curing {unknown}


   Skills:
 + Level 2.4 Dodging
 + Level 2.7 Stealth
 + Level 2.3 Spellcasting
 + Level 4.6 Conjurations


You had 2 spell levels left.
You knew the following spells:

 Your Spells              Type           Power      Damage    Failure   Level
a - Magic Dart            Conj           76%        1d6       2%          1
b - Searing Ray           Conj           38%        2d5       3%          2

Your spell library contained the following spells:

 Spells                   Type           Power      Damage    Failure   Level
 Dazzling Flash           Conj/Hex       22%        N/A       19%         3
 Fulminant Prism          Conj/Hex       5%         3d7       54%         4
 Iskenderun's Mystic Bla  Conj/Tloc      11%        2d4       54%         4


Dungeon Overview and Level Annotations

Branches:
Dungeon (2/15)

Altars:

Annotations:
D:2 Natasha


Innate Abilities, Weirdness & Mutations

You are small and have problems with some larger weapons.
You are completely attuned to the shadows.


Message History

Found a leather armour.
Found 5 large rocks.
Found a stone staircase leading down.
A ball python comes into view.
The magic dart hits the ball python.
The ball python is moderately wounded.
The ball python hisses angrily.
The magic dart hits the ball python.
You kill the ball python!
You can't see any susceptible monsters within range! (Use Z to cast anyway.)
You can't see any susceptible monsters within range! (Use Z to cast anyway.)
You can't see any susceptible monsters within range! (Use Z to cast anyway.)
You see here a ball python corpse.
c - 2 scrolls labelled QEROUKHL PUDIKU (gained 1)
There is a stone staircase leading down here.
Natasha, Servant of Life and Death comes into view.
The magic dart hits Natasha.
Natasha is moderately wounded.
Natasha hisses angrily.
Natasha howls an incantation.
Natasha glows brightly for a moment.
You miscast Magic Dart.
You are very lightly contaminated with residual magic.
Nothing appears to happen.
The magic dart hits Natasha but does no damage.
Natasha is moderately wounded.
Natasha stares at you and mumbles some strange words.
You feel yourself slow down.
The magic dart hits Natasha.
Natasha is moderately wounded.
Natasha stares at you and mumbles some strange words.
You feel as though you will be slow longer.
The magic dart hits Natasha but does no damage.
Natasha is moderately wounded.
Natasha claws you!
Ouch! That really hurt!
Natasha stares at you and mumbles some strange words.
The magic dart hits you!
Ouch! That really hurt!
You die...

#.# #....#.....#
..#.###..#.....#
###.###..#...###
.......>#########
#
#..............#
#
####.#.#.......#
#
#......#.......#
#
#.##......####.#
# # #..###.# #@#
# #..#.. #h# #
#....# #.#
######..... #.#
#.......... ..#
#.####..... ..#
#..... ..# #.####
..# #.#


You could see Natasha.

Vanquished Creatures
  2 ball pythons (D:2)
  A bat (D:1)
  2 endoplasms
  3 goblins (D:1)
  A hobgoblin (D:1)
  2 kobolds (D:1)
  A quokka (D:2)
  A frilled lizard (D:1)
  2 rats (D:1)
15 creatures vanquished.

Notes
Turn   | Place    | Note
-------+----------+-------------------------------------------
     0 | D:1      | xian the Kobold Conjurer began the quest for the Orb.
     0 | D:1      | Reached XP level 1. HP: 10/10 MP: 3/3
   371 | D:1      | Reached XP level 2. HP: 15/15 MP: 3/5
  1223 | D:2      | Learned a level 2 spell: Searing Ray
  1438 | D:2      | Noticed Natasha
  1443 | D:2      | Killed from afar by Natasha

Illustrated notes

Levels and vault maps discovered:
D:1:      matt_arrival_spirals, layout_basic
D:2:      layout_basic, uniq_jessica, uniq_natasha

Action                   || total
-------------------------++-------
 Cast: Magic Dart        ||    33
Dodge: Dodged            ||     4

Table legend: (Time is in decaauts)
 A = Elapsed time spent in this place.
 B = Non-inter-level travel time spent in this place.
 C = Inter-level travel time spent in this place.
 D = Time resting spent in this place.
 E = Time spent auto-exploring this place.
 F = Levels seen in this place.
 G = Mean time per level.
                   A        B        C        D        E       F      G
               +--------+--------+--------+--------+--------+-----+--------+
         Total |   1442 |   1407 |     35 |      0 |   1290 |   2 |  721.0 |
       Dungeon |   1442 |   1407 |     35 |      0 |   1290 |   2 |  721.0 |
               +--------+--------+--------+--------+--------+-----+--------+

Top non-repeatable levels by time:
     D:1: 1199 daAuts
     D:2: 243 daAuts
